Match 38906604
Unlisted

Match 38906604
End
Kettenkrad Recon Vehicle
Construct Infanterie Kompanie
Selects Breakthrough Battlegroup
Selects Assault Grenadiers
MG 42 Machine Gun Team
Grenadier Squad
Grenadier Squad
Medical Station
Construct Luftwaffe Kompanie
Selects Rapid Production
221 Scout Car
Jäger Squad
221 Scout Car
Pioneer Squad
221 Scout Car
Selects Blitzkrieg
Construct Panzergrenadier Kompanie
Construct Panzergrenadier Kompanie
Pak 40 Anti-tank Gun Team
Pioneer Squad
Pak 40 Anti-tank Gun Team
Selects Tiger Heavy Tank
Tiger Heavy Tank
Jäger Squad
Jäger Squad
Luftwaffe Officer Quarters
Selects Smoke Bombing Run
GL no HF
BIOHAZARD
0
0

Comments sign in to comment!

No comments posted yet!